 Dungeon Crawl Stone Soup version 0.31-a0-214-gb37851dbb3 (webtiles) character file.

Game seed: 17222288953175324136

259 qw the Chopper (level 6, 0/39 HPs)
             Began as a Gargoyle Fighter on July 1, 2023.
             Killed from afar by an orc wizard (4 damage)
             ... with a magic dart
             ... on level 4 of the Dungeon.
             The game lasted 00:00:53 (2379 turns).

qw the Chopper (Gargoyle Fighter)                   Turns: 2379, Time: 00:00:54

Health: 0/39       AC: 16    Str: 22    XL:     6   Next: 17%
Magic:  6/6        EV:  8    Int:  8    God:
Gold:   128        SH:  4    Dex:  9    Spells: 5/5 levels left

rFire   . . .        o - +0 war axe (vamp)
rCold   . . .        c - +0 buckler
rNeg    + . .        n - +0 chain mail
rPois   inf          k - +2 helmet
rElec   +            (no cloak)
rCorr   .            (no gloves)
SInv    .            (no boots)
Will    .....        (no amulet) Stlth
                     j - +4 ring of slaying {mikee}
HPRegen 0.26/turn    (no ring)
MPRegen 0.10/turn

%: no passive effects
@: no status effects
A: sickness immunity, AC +4, negative energy resistance 1, electricity
resistance, torment resistance 1, petrification resistance
a: no special abilities


You were on level 4 of the Dungeon.
You visited 1 branch of the dungeon, and saw 4 of its levels.

You collected 128 gold pieces.


Innate Abilities, Weirdness & Mutations

You are immune to sickness and miasma.
Your stone body is resilient. (AC +4)
You are immune to poison.
You resist negative energy. (rN+)
You are resistant to electric shocks. (rElec)
You are resistant to unholy torment.
You are immune to petrification.


   Skills:
 - Level 4.6 Fighting
 + Level 5.0 Axes
 - Level 3.2 Armour
 - Level 3.2 Shields


You had 5 spell levels left.
You didn't know any spells.
Your spell library was empty.

Inventory:

Hand Weapons
 m - a +0 hand axe
 o - a +0 vampiric war axe (weapon)
 q - a +0 club
Armour
 c - a +0 buckler (worn)
 k - a +2 helmet (worn)
 n - a +0 chain mail (worn)
Jewellery
 j - a +4 ring of slaying (left hand) {mikee}
Scrolls
 h - 2 scrolls of identify
 s - a scroll of fog {unknown}
Potions
 a - a potion of enlightenment
 b - a potion of attraction {unknown}
 d - a potion of might
 e - a potion of lignification
 f - a potion of resistance
 g - a potion of berserk rage {unknown}
 i - a potion of degeneration {unknown}
 l - 2 potions of heal wounds {unknown}
 p - a potion of curing {unknown}
 r - a potion of ambrosia {unknown}

Dungeon Overview and Level Annotations

Branches:
Dungeon (4/15)
 Temple: D:4-7

Altars:
Hepliaklqana
Nemelex Xobeh


Message History

The scorpion barely misses you.
The orc priest hits you from afar with a +4 trident.
Something hits you but does no damage.
You barely miss the scorpion. You closely miss something.
The scorpion barely misses you. Something hits you.
The orc priest hits you but does no damage.
The scorpion stings you but does no damage.
You barely miss the scorpion. You slash something!
You hear some strange, mumbled words.
A magic dart appears from out of thin air!
The magic dart hits you but does no damage.
You block the orc priest's attack.
The scorpion stings you but does no damage.
You slash the scorpion!
You feel better.
The scorpion is heavily wounded.
You closely miss something.
The scorpion stings you but does no damage.
The orc priest invokes the aid of Beogh against you.
Beogh smites you! Something hits you.
The scorpion stings you but does no damage.
The orc priest hits you from afar with a +4 trident.
Something hits you but does no damage.
You slash the scorpion!
You kill the scorpion!
You hit something but do no damage.
The orc priest hits you but does no damage.
Something completely misses you.
Your Fighting skill increases to level 4!
You have reached level 6!
You closely miss something.
You hear some strange, mumbled words.
A puff of flame appears from out of thin air!
The puff of flame hits you. The orc priest barely misses you.
You barely miss something.
The orc priest invokes the aid of Beogh against you.
Beogh smites you!
You hear some strange, mumbled words.
A magic dart appears from out of thin air!
The magic dart hits you.
You die...

#...........
#.......... #.........
#........ #.......
#.....o
###...${############
.......@.....)....>####
........######........#
........# #........#
###.....# #........#
#.....# #........#
#.....# #........#
#!....# #........#
#.....# #...%....#
#####.####


You could see an orc priest.

Vanquished Creatures
  2 scorpions (D:4)
  Jessica (D:2)
  Terence (D:2)
  An orc wizard (D:4)
  2 adders
  A worm (D:3)
  2 orcs (D:4)
  4 bats
  An endoplasm (D:2)
  2 giant cockroaches (D:1)
  5 goblins
  A hobgoblin (D:3)
  3 jackals (D:4)
  5 quokkas
  7 ball pythons
  A kobold (D:1)
  4 rats
43 creatures vanquished.

Notes
Turn   | Place    | Note
-------+----------+-------------------------------------------
     0 | D:1      | qw the Gargoyle Fighter began the quest for the Orb.
     0 | D:1      | Reached XP level 1. HP: 14/14 MP: 1/1
     0 | D:1      | 0 ||| qw: Version: 0.3-a-32-g5962c71
     0 | D:1      | 0 ||| qw: Game counter: 7492
     0 | D:1      | 0 ||| qw: Melee chars always use a shield: true
     0 | D:1      | 0 ||| qw: God list: Okawaru
     0 | D:1      | 0 ||| qw: Allow faded altars: false
     0 | D:1      | 0 ||| qw: Do Orc after clearing Dungeon:15 true
     0 | D:1      | 0 ||| qw: Do second Lair branch before Depths: true
     0 | D:1      | 0 ||| qw: Lair rune preference: random
     0 | D:1      | 0 ||| qw: Goals: Normal, Zot:1-4, Slime:5, God:TSO, Crypt,
                  | Tomb, Abyss, Pan, Hells, Win
     0 | D:1      | 0 ||| PLANNING D:1-11
    71 | D:1      | Reached skill level 2 in Axes
   342 | D:1      | 342 ||| Stepping ~*~*~tactically~*~*~ (stealth).
   344 | D:1      | Reached XP level 2. HP: 19/19 MP: 2/2
   367 | D:1      | Found a faded altar of an unknown god.
   749 | D:1      | 749 ||| UPGRADING to +2 helmet.
   754 | D:1      | 754 ||| UPGRADING to +4 ring of slaying {mikee}.
   755 | D:1      | 755 ||| READING scroll labelled ISOENE COUNN.
   756 | D:1      | 756 ||| READING scroll labelled MUXEMA JOET.
   863 | D:2      | Identified the +7 dagger "Dixodun" {pain, rN+ Str+3}
   881 | D:2      | Reached skill level 3 in Axes
   889 | D:2      | Noticed Jessica
   891 | D:2      | 891 ||| Stepping ~*~*~tactically~*~*~ (hiding).
   892 | D:2      | 892 ||| Stepping ~*~*~tactically~*~*~ (hiding).
   902 | D:2      | Killed Jessica
   903 | D:2      | Reached XP level 3. HP: 13/23 MP: 3/3
  1252 | D:2      | Noticed Terence
  1253 | D:2      | 1253 ||| FLEEEEING.
  1257 | D:2      | 1257 ||| FLEEEEING.
  1258 | D:2      | 1258 ||| FLEEEEING.
  1259 | D:2      | 1259 ||| FLEEEEING.
  1272 | D:2      | 1272 ||| FLEEEEING.
  1286 | D:2      | 1286 ||| Stepping ~*~*~tactically~*~*~ (hiding).
  1289 | D:2      | 1289 ||| Stepping ~*~*~tactically~*~*~ (hiding).
  1290 | D:2      | 1290 ||| Stepping ~*~*~tactically~*~*~ (hiding).
  1291 | D:2      | 1291 ||| Stepping ~*~*~tactically~*~*~ (hiding).
  1292 | D:2      | 1292 ||| Stepping ~*~*~tactically~*~*~ (hiding).
  1294 | D:2      | 1294 ||| Stepping ~*~*~tactically~*~*~ (hiding).
  1296 | D:2      | 1296 ||| Stepping ~*~*~tactically~*~*~ (hiding).
  1303 | D:2      | Killed Terence
  1304 | D:2      | Reached skill level 4 in Axes
  1304 | D:2      | Reached XP level 4. HP: 28/28 MP: 4/4
  1529 | D:2      | 1529 ||| UPGRADING to +0 chain mail.
  1539 | D:2      | 1539 ||| DROPPING +0 scale mail.
  1540 | D:2      | 1540 ||| READING scroll labelled IGA ULIPNANIX.
  1541 | D:2      | 1541 ||| DRINKING 2 yellow potions.
  1542 | D:2      | 1542 ||| READING 2 scrolls of identify.
  1542 | D:2      | 1542 ||| IDENTIFYING inky potion
  1902 | D:3      | Found a sparkling altar of Nemelex Xobeh.
  2169 | D:3      | 2169 ||| READING 2 scrolls labelled TOLISTRU ZOUCUO.
  2170 | D:3      | 2170 ||| READING 2 scrolls of identify.
  2170 | D:3      | 2170 ||| IDENTIFYING murky clear potion
  2171 | D:3      | 2171 ||| DROPPING scroll of immolation.
  2214 | D:4      | Noticed a scorpion
  2227 | D:4      | Killed a scorpion
  2228 | D:4      | Reached XP level 5. HP: 27/32 MP: 5/5
  2292 | D:4      | Found a hazy altar of Hepliaklqana.
  2321 | D:4      | Reached skill level 5 in Axes
  2329 | D:4      | 2329 ||| Stepping ~*~*~tactically~*~*~ (stealth).
  2352 | D:4      | 2352 ||| Stepping ~*~*~tactically~*~*~ (hiding).
  2378 | D:4      | Reached XP level 6. HP: 20/39 MP: 6/6
  2379 | D:4      | HP: 4/39 [orc priest/divine providence (11)]
  2379 | D:4      | Killed from afar by an orc wizard

Levels and vault maps discovered:
D:1:      mrwooster_arrival_statue_2, layout_loops_ring,
          hellmonk_ecumenical_altar_pennies_from_heaven
D:2:      layout_loops_cross, uniq_terence, uniq_jessica
D:3:      layout_basic, mainiacjoe_overflow_chevrons, serial_park_tiny_pond,
          st_stairs_2
D:4:      layout_basic, grunt_dithmenos_smoke_and_mirrors,
          kennysheep_little_box, tso_oasis_becter,
          lemuel_coloured_pillars_altar, mainiacjoe_overflow_alcove_2,
          serial_shops, nicolae_shop_tiny_real_fake_doors, uniq_natasha,
          uniq_menkaure

Skill      XL: |  1  2  3  4  5 |
---------------+----------------+-----
Axes           | 2 3 4 5 |  5.0
Fighting       | 4 |  4.6
Armour         | |  3.2
Shields        | |  3.2

Action                     |  1- 3 |  4- 6 || total
---------------------------+-------+-------++-------
  Melee: War axe           |    48 |    59 ||   107
    Use: Scroll            |     2 |     4 ||     6
         Potion            |       |     1 ||     1
 Armour: Scale mail        |    15 |       ||    15
         Chain mail        |       |    40 ||    40
  Dodge: Dodged            |    16 |    18 ||    34
  Block: Buckler           |     4 |     8 ||    12

Table legend:
 A = Non-vault XP
 B = Vault XP
 C = Vault XP percentage of total XP
 D = Non-vault monster count
 E = Vault monster count
 F = Vault count percentage of total count
                 A         B        C        D         E       F
            +---------+---------+-------+---------+---------+-------
      Total |     295 |      76 |  20.5 |      39 |       4 |   9.3
            +---------+---------+-------+---------+---------+-------
        D:1 |      17 |       0 |   0.0 |      11 |       0 |   0.0
        D:2 |      27 |      73 |  73.0 |       9 |       2 |  18.2
        D:3 |      11 |       3 |  21.4 |       4 |       2 |  33.3
        D:4 |     240 |       0 |   0.0 |      15 |       0 |   0.0
            +---------+---------+-------+---------+---------+-------
